AoeStats
← (Arm)_ominous

Lombardia

508008664Analyzed
2v2 RM · 13d ago on Sep 20, 2026· 46m 55s· 4 players
Game mode
Random Map
Map size
Medium (4 player)
Population
200
Speed
Normal
Resources
Standard
Victory
Conquest
Starting age
Dark Age
Ending age
Imperial Age
RankedLock teamsTeams togetherTeam positionsShared explorationLock speedFull tech treeHidden civsTurbo modeCheats
Victory
Defeat
🇧🇪 Bohemians · Belgium
1047
+13
🇧🇪 Malay · Belgium
944
+17
🇮🇩 Ethiopians · Indonesia
1028
-17
🇮🇳 Lithuanians · India
929
-25
(Arm)_ominous
6:32 Loom
8:56 Feudal Age
9:36 Feudal Age
13:30 Double-Bit Axe
18:44 Fletching
21:36 Castle Age
20:25 Town Watch
21:15 Padded Archer Armor
21:08 Horse Collar
21:37 Crossbowman
22:27 Bodkin Arrow
24:16 Bow Saw
25:04 Town Watch
25:59 Wheelbarrow
27:13 Gold Mining
27:56 Ballistics
36:02 Imperial Age
36:11 Thumb Ring
36:19 Masonry
36:22 Arbalester
39:36 Chemistry
41:28 Leather Archer Armor
41:22 Bracer
43:53 Ring Archer Armor
43:38 Town Watch
(Arm)_Sai Phani
10:58 Feudal Age
11:27 Double-Bit Axe
13:38 Scale Barding Armor
18:20 Castle Age
21:58 Bow Saw
25:04 Husbandry
25:23 Bloodlines
29:42 Chain Barding Armor
41:15 Husbandry
44:20 Wheelbarrow
43:56 Scale Mail Armor
44:13 Forging
santrex.be
2:23 Loom
11:57 Feudal Age
16:06 Castle Age
15:06 Double-Bit Axe
18:08 Wheelbarrow
20:57 Horse Collar
23:13 Heavy Plow
23:37 Bow Saw
23:39 Stone Mining
24:17 Gold Mining
25:18 Forging
27:46 Fletching
27:57 Padded Archer Armor
28:53 Hand Cart
28:24 Town Watch
28:21 Elite Skirmisher
30:32 Gold Shaft Mining
30:35 Stone Shaft Mining
31:56 Iron Casting
33:32 Thumb Ring
33:32 Crossbowman
34:45 Bodkin Arrow
35:05 Leather Archer Armor
36:42 Masonry
36:28 Murder Holes
36:57 Ballistics
40:35 Imperial Age
39:51 Arbalester
39:53 Elite Karambit Warrior
41:38 Blast Furnace
42:06 Bracer
42:07 Murder Holes
43:00 Masonry
43:25 Ring Archer Armor
43:27 Conscription
✪ GiBiG
2:54 Loom
10:12 Feudal Age
12:38 Man-at-Arms
17:12 Castle Age
15:31 Double-Bit Axe
15:30 Horse Collar
19:11 Forging
22:02 Heavy Plow
24:12 Bow Saw
26:20 Town Watch
27:20 Scale Mail Armor
27:44 Padded Archer Armor
28:26 Husbandry
30:44 Wheelbarrow
36:21 Scale Barding Armor
36:53 Iron Casting
40:06 Imperial Age
39:15 Hand Cart
40:08 Elite Hussite Wagon
40:13 Cavalier
43:08 Wagenburg Tactics
Connection lost

Rejoining the realm…

Still unreachable

The connection could not be restored.

Session expired

The server has moved on; the page needs a fresh start.